 Dungeon Crawl Stone Soup version 0.24-a0-271-ga0fc33f724 (webtiles) character file.

Game seed: 9494577952776089365

4337 Redear the Skirmisher (level 10, -5/77 HPs)
             Began as a Mummy Fighter on Apr 24, 2019.
             Was a Priest of Okawaru.
             Slain by a death yak (24 damage)
             ... on level 6 of the Dungeon.
             The game lasted 00:20:12 (8965 turns).

Redear the Skirmisher (Mummy Fighter)               Turns: 8965, Time: 00:20:12

Health: -5/77      AC:  7    Str: 27    XL:     10   Next: 12%
Magic:  13/13      EV: 10    Int:  9    God:    Okawaru [***...]
Gold:   319        SH: 11    Dex: 11    Spells: 9/9 levels left

rFire    x . .     SeeInvis .   f - +1 mace (protect)
rCold    + + .     Gourm    .   k - +0 shield
rNeg     + + +     Faith    .   b - +0 scale mail
rPois    ∞         Spirit   .   (no helmet)
rElec    .         Reflect  .   (no cloak)
rCorr    .         Harm     .   (no gloves)
MR       +....                  (no boots)
Stlth    ..........             (no amulet)
HPRegen  0.22/turn              h - +5 ring of strength
MPRegen  0.13/turn              c - ring of protection from cold {rC+}

@: no status effects
A: no food or potions, fire vulnerability, cold resistance 1, negative energy
resistance 3, torment resistance, unbreathing
a: Heroism, Renounce Religion


You were on level 6 of the Dungeon.
You worshipped Okawaru.
Okawaru was most pleased with you.
You were not hungry.

You visited 2 branches of the dungeon, and saw 9 of its levels.

You collected 319 gold pieces.

Inventory:

Hand Weapons
 a - a +1 whip of electrocution
 f - a +1 mace of protection (weapon)
 l - a +0 war axe of freezing
 m - a +0 hand crossbow of velocity
Armour
 b - a +0 scale mail (worn)
 k - a +0 shield (worn)
Jewellery
 c - a ring of protection from cold (right hand) {rC+}
 h - a +5 ring of strength (left hand)
Wands
 A - a wand of acid (19)
 D - a wand of digging (4)
 S - a wand of scattershot (5)
 V - a wand of flame (39)
Scrolls
 d - a scroll of random uselessness
 e - a scroll of noise
 g - 4 scrolls of immolation
 j - a scroll of amnesia
 M - 7 scrolls of magic mapping
 N - a scroll of remove curse {@r2}
 R - 2 scrolls of identify {@r1}
 T - a scroll of teleportation {@r3}


   Skills:
 + Level 6.9 Fighting
 + Level 4.6(4.8) Axes
 - Level 1.5(3.3) Maces & Flails
 + Level 5.6 Armour
 + Level 4.9 Dodging
 + Level 5.6 Shields
 - Level 5.0 Invocations


You had 9 spell levels left.
You didn't know any spells.
Your spell library contained the following spells:

 Spells                   Type           Power        Failure   Level  Hunger
 Magic Dart               Conj           #...         96%         1    N/A
 Searing Ray              Conj           #.....       99%         2    N/A
 Dazzling Spray           Conj/Hex       #.....       100%        3    N/A
 Force Lance              Conj/Tloc      #.......     100%        4    N/A
 Fulminant Prism          Conj/Hex       #.........   100%        4    N/A
 Iskenderun's Mystic Bla  Conj           #.......     100%        4    N/A

Dungeon Overview and Level Annotations

Branches:
Dungeon (8/15)             Temple (1/1) D:4
   Lair: D:8-11

Altars:
Ashenzari
Dithmenos
Elyvilon
Gozag
Hepliaklqana
Kikubaaqudgha
Makhleb
Nemelex Xobeh
Okawaru
Qazlal
Ru
Sif Muna
Trog
Uskayaw
Vehumet
Wu Jian
Xom
Yredelemnul
Zin
The Shining One


Innate Abilities, Weirdness & Mutations

You do not eat or drink.
Your flesh is vulnerable to fire.
You are immune to poison.
Your flesh is cold resistant. (rC+)
You are immune to negative energy. (rN+++)
You are immune to unholy pain and torment.
You can survive without breathing.


Message History

Wield which item (- for none, * to show all)? (? for menu, Esc to quit)
Okay, then.
Unknown command.
Okay, then.
There is an open door here.
There is an open door here.
There is an open door here.
Unknown command.
Unknown command.
The death yak gores you.
You take 3 damage, and have 34/77 hp.
There is a stone staircase leading up here.
The death yak gores you!
* * * LOW HITPOINT WARNING * * *
You climb upwards.
There is a stone staircase leading down here.
You take 16 damage, and have 19/77 hp.
MASSIVE DAMAGE!!
As you read the scroll of summoning, it crumbles to dust.
Wisps of shadow whirl around you... The death yak gores you!!
You die...

.....##.....#
..#####.....#
...########## ##....#
#####.# ##############
#.#####.#..........##
###....##......a.h....## #
#..............5.......#
###.####.>..<...@.h......#
................YYh......#
..#####..............h...#
...###...................#
.#..[...###.............##
#...#..## #............##
#.#..<## ##.###########
.....## #.## ####.# #..##


You could see a death yak, a friendly sky beast, a friendly worker ant, a
friendly crimson imp and 4 friendly jackals.

Vanquished Creatures
  A centaur warrior (D:8)
  2 hippogriffs
  2 hogs
  A yak (D:7)
  A human (D:7)
  An acid dragon (D:8)
  A water moccasin (D:7)
  Duvessa (D:5)
  4 ice beasts
  A hornet zombie (D:5)
  A phantom (D:3)
  A necrophage (D:7)
  3 ogres
  Blork the orc (D:5)
  A bullfrog (D:8)
  Dowan (D:5)
  5 scorpions
  A howler monkey (D:7)
  2 crimson imps
  5 orc priests
  3 jellies
  An orc wizard (D:4)
  2 hounds (D:4)
  6 bullfrog skeletons
  2 centaur skeletons
  3 iguanas
  5 worker ants
  A killer bee zombie (D:5)
  3 hound skeletons
  13 adders
  3 gnolls (D:4)
  3 shadow imps
  5 worms
  2 dart slugs
  2 leopard geckos
  12 orcs
  11 bats
  6 giant cockroaches
  8 goblins
  9 hobgoblins
  6 jackals
  8 kobolds
  A quokka (D:2)
  A ball python (D:2)
  4 frilled lizards
  A jackal zombie (D:5)
  3 leopard gecko skeletons
  10 rats
170 creatures vanquished.

Notes
Turn   | Place    | Note
-------+----------+-------------------------------------------
     0 | D:1      | Redear the Mummy Fighter began the quest for the Orb.
     0 | D:1      | Reached XP level 1. HP: 18/18 MP: 1/1
   191 | D:1      | Reached XP level 2. HP: 17/24 MP: 2/2
   650 | D:1      | Reached XP level 3. HP: 28/29 MP: 3/3
   723 | D:2      | Found a white marble altar of Elyvilon.
   723 | D:2      | Found an ornate altar of the Wu Jian Council.
   728 | D:2      | Found a stormy altar of Qazlal.
   764 | D:2      | Reached skill level 1 in Dodging
  1010 | D:2      | Reached XP level 4. HP: 35/35 MP: 4/4
  1088 | D:2      | Found an iron altar of Okawaru.
  1108 | D:2      | Became a worshipper of Warmaster Okawaru
  1176 | D:2      | Reached skill level 3 in Armour
  1185 | D:2      | Reached skill level 3 in Shields
  1720 | D:2      | Found a bloodstained altar of Trog.
  2069 | D:3      | Reached XP level 5. HP: 42/42 MP: 5/5
  2308 | D:3      | Reached skill level 1 in Invocations
  2624 | D:3      | Reached skill level 4 in Fighting
  2624 | D:3      | Reached skill level 1 in Axes
  2646 | D:4      | Noticed a phantom
  2939 | D:3      | Reached * piety under Okawaru
  2939 | D:3      | Reached XP level 6. HP: 38/48 MP: 5/7
  3049 | D:3      | Reached skill level 2 in Dodging
  3344 | D:3      | Reached skill level 2 in Invocations
  3605 | D:3      | Reached XP level 7. HP: 50/55 MP: 8/8
  3726 | D:4      | Reached skill level 2 in Axes
  4178 | D:4      | Found a staircase to the Ecumenical Temple.
  4204 | D:4      | Reached skill level 4 in Armour
  4311 | D:4      | Found a deep blue altar of Sif Muna.
  4369 | Temple   | Entered the Ecumenical Temple
  4436 | D:5      | Entered Level 5 of the Dungeon
  4532 | D:5      | Noticed Duvessa
  4536 | D:5      | Noticed Dowan
  4549 | D:5      | Killed Duvessa
  4549 | D:5      | Reached skill level 4 in Shields
  4549 | D:5      | Reached XP level 8. HP: 50/61 MP: 7/10
  4555 | D:5      | Killed Dowan
  4555 | D:5      | Reached skill level 5 in Fighting
  4555 | D:5      | Reached skill level 3 in Dodging
  4708 | D:5      | Found a burning altar of Makhleb.
  4774 | D:5      | Reached skill level 3 in Invocations
  4930 | D:5      | Noticed Blork the orc
  4959 | D:5      | Killed Blork the orc
  4979 | D:5      | Reached ** piety under Okawaru
  4979 | D:5      | Reached skill level 3 in Axes
  6208 | D:6      | Reached XP level 9. HP: 49/69 MP: 11/11
  6547 | D:7      | Reached skill level 4 in Invocations
  6672 | D:7      | Reached skill level 4 in Dodging
  6796 | D:7      | Reached skill level 6 in Fighting
  7179 | D:7      | Reached skill level 5 in Armour
  7461 | D:7      | Reached *** piety under Okawaru
  7461 | D:7      | Reached skill level 5 in Shields
  7500 | D:6      | Reached skill level 4 in Axes
  7933 | D:7      | Found a hazy altar of Hepliaklqana.
  8263 | D:8      | Noticed a centaur warrior
  8277 | D:8      | Killed a centaur warrior
  8348 | D:8      | Reached XP level 10. HP: 43/77 MP: 10/13
  8353 | D:8      | Reached skill level 5 in Invocations
  8384 | D:8      | Noticed a two-headed ogre
  8908 | D:8      | Noticed a death yak
  8910 | D:8      | Noticed a death yak
  8965 | D:6      | Slain by a death yak

Levels and vault maps discovered:
D:1:      dpeg_arrival_ratfight, layout_loops_cross
D:2:      layout_loops_corners, marbit_many_paths, okawaru_ov_weapons_minmay,
          minitemple, corexii_hall_statues_l
D:3:      layout_loops_ring
D:4:      layout_rooms, minmay_temple_entry_ruins, first_ration,
          lemuel_blue_sif_altar
D:5:      layout_loops_ring, lightli_temple_of_fire, uniq_blork_the_orc,
          uniq_duvessa
D:6:      layout_rooms
D:7:      layout_gridville, lemuel_coloured_pillars_altar, grunt_livestock,
          minmay_misc_feat_more_columns
D:8:      hangedman_cross_stitches, layout_basic, dpeg_lair_monsters,
          basic_altar, serial_bayou, serial_bayou_pond_e, serial_bayou_crossing,
          serial_bayou_pond_d, serial_bayou_ford_a, corexii_corridor_pit,
          kennysheep_generic_room_6, uniq_prince_ribbit1, uniq_grum
Temple:   cyrus_circular_temple

Skill      XL: |  1  2  3  4  5  6  7  8  9 10 |
---------------+-------------------------------+-----
Dodging        | 1 2 3 4 |  4.9
Armour         | 3 4 5 |  5.6
Shields        | 3 4 5 |  5.6
Invocations    | 1 2 3 4 5 |  5.0
Fighting       | 4 5 6 |  6.9
Axes           | 1 2 3 4 |  4.6
Maces & Flails | |  1.5

Action                   |  1- 3 |  4- 6 |  7- 9 | 10-12 || total
-------------------------+-------+-------+-------+-------++-------
Melee: Flail             |    43 |       |       |       ||    43
       Mace              |    95 |   244 |   536 |    49 ||   924
Throw: Throwing net      |       |       |       |     1 ||     1
Invok: Heroism           |       |     1 |    15 |     3 ||    19
  Use: Scroll            |       |     6 |     4 |     1 ||    11
Armor: Scale mail        |    85 |   156 |   213 |    19 ||   473
Dodge: Dodged            |    75 |   158 |   231 |    24 ||   488
Block: Shield            |    11 |    16 |   319 |    26 ||   372

Table legend:
 A = Non-vault XP
 B = Vault XP
 C = Vault XP percentage of total XP
 D = Non-vault monster count
 E = Vault monster count
 F = Vault count percentage of total count
                 A         B        C        D         E       F
            +---------+---------+-------+---------+---------+-------
      Total |    4451 |    1746 |  28.2 |     151 |      19 |  11.2
            +---------+---------+-------+---------+---------+-------
        D:1 |      41 |       5 |  10.9 |      24 |       5 |  17.2
        D:2 |     126 |       2 |   1.6 |      31 |       1 |   3.1
        D:3 |     564 |       0 |   0.0 |      26 |       0 |   0.0
        D:4 |     425 |       0 |   0.0 |      16 |       0 |   0.0
        D:5 |     756 |     316 |  29.5 |      16 |       3 |  15.8
        D:6 |     689 |     200 |  22.5 |      19 |       1 |   5.0
        D:7 |     908 |     579 |  38.9 |      13 |       3 |  18.8
        D:8 |     942 |     644 |  40.6 |       6 |       6 |  50.0
            +---------+---------+-------+---------+---------+-------
